 Dungeon Crawl Stone Soup version 0.32-a0-42-ga30500b4d3 (webtiles) character file.

Game seed: 7497784582039873754

1571 grandjackal the Fanfare of Bloodshed (level 8, -1/64 HPs)
             Began as a Demonspawn Gladiator on Jan 29, 2024.
             Was a Believer of Makhleb.
             Slain by a troll (8 damage)
             ... on level 7 of the Dungeon.
             The game lasted 00:10:44 (6692 turns).

grandjackal the Fanfare of Bloodshed (DsGl)         Turns: 6692, Time: 00:10:45

Health: -1/64      AC: 16    Str: 21    XL:     8   Next: 59%
Magic:  12/12      EV: 12    Int: 11    God:    Makhleb [**....]
Gold:   303        SH:  0    Dex: 17    Spells: 7/7 levels left

rFire   . . .        H - +0 scimitar
rCold   . . .        (no shield)
rNeg    . . .        v - +1 chain mail {Will+}
rPois   +            w - +2 helmet {Int+3}
rElec   .            g - scarf {repulsion}
rCorr   .            (no gloves)
SInv    .            J - +2 pair of boots
Will    +....        (no amulet)
Stlth   +            a - ring of poison resistance
HPRegen 0.30/turn    G - +6 ring of strength
MPRegen 0.13/turn

%: repel missiles
@: no status effects
A: sturdy frame 3, weakness stinger 1
a: Renounce Religion, Minor Destruction


You were on level 7 of the Dungeon.
You worshipped Makhleb.
Makhleb was pleased with you.
You visited 1 branch of the dungeon, and saw 7 of its levels.

You collected 303 gold pieces.

Inventory:

Hand Weapons
 H - a +0 scimitar (weapon)
Missiles
 d - 2 throwing nets
 e - a javelin
 p - 6 silver javelins
 r - 15 poisoned darts (quivered)
Armour
 g - a scarf of repulsion (worn)
 v - a +1 chain mail of willpower (worn)
 w - a +2 helmet of intelligence (worn)
 J - a +2 pair of boots (worn)
Jewellery
 a - a ring of poison resistance (left hand)
 l - a ring of fire
 t - a ring of protection from fire
 G - a +6 ring of strength (right hand)
Wands
 o - a wand of flame (21)
 A - a wand of iceblast (5)
 C - a wand of paralysis (10)
Scrolls
 f - a scroll of brand weapon {unknown}
 h - 3 scrolls of enchant armour {unknown}
 j - a scroll of teleportation {unknown}
 k - 4 scrolls of blinking {unknown}
 n - a scroll of fog {unknown}
 s - a scroll of amnesia
 u - 2 scrolls of immolation
 x - a scroll of enchant weapon {unknown}
 y - a scroll of acquirement {unknown}
 B - a scroll of vulnerability {unknown}
Potions
 b - a potion of mutation
 c - a potion of haste
 i - a potion of invisibility
 m - 3 potions of enlightenment
 q - a potion of heal wounds
 z - a potion of brilliance
 D - a potion of might
 F - 3 potions of curing
 I - a potion of lignification


   Skills:
 + Level 5.8 Fighting
 + Level 5.7 Long Blades
 - Level 2.1 Throwing
 - Level 3.0 Armour
 - Level 3.0 Dodging
 + Level 6.2 Invocations
 + Level 3.6 Evocations


You had 7 spell levels left.
You didn't know any spells.
Your spell library contained the following spells:

 Spells                   Type           Power      Damage    Failure   Level
 Kiss of Death            Conj/Necr      0%         2d5       54%         1
 Magic Dart               Conj           0%         1d3       54%         1
 Blink                    Tloc           0%         N/A       69%         2
 Lesser Beckoning         Tloc           0%         N/A       69%         2
 Momentum Strike          Conj/Tloc      0%         3d8       69%         2
 Searing Ray              Conj           0%         2d4       69%         2
 Confusing Touch          Hex            0%         N/A       89%         3
 Anguish                  Hex/Necr       0%         N/A       100%        4
 Animate Dead             Necr           0%         N/A       100%        4
 Cause Fear               Hex            0%         N/A       100%        4
 Dispel Undead            Necr           0%         3d6       100%        4
 Fulminant Prism          Conj/Alch      0%         3d5       100%        4
 Fireball                 Conj/Fire      0%         3d3       100%        5
 Enfeeble                 Hex            0%         N/A       100%        7
 Haunt                    Necr/Summ      0%         N/A       100%        7
 Infestation              Necr           0%         N/A       100%        8
 Dragon's Call            Summ           0%         N/A       100%        9


Dungeon Overview and Level Annotations

Branches:
Dungeon (7/15)             Temple (0/1) D:5

Altars:
Gozag
Hepliaklqana
Makhleb
Qazlal
Trog
Uskayaw
Vehumet
Yredelemnul

Annotations:
D:4 Edmund


Innate Abilities, Weirdness & Mutations

Your movements are significantly less encumbered by armour. (ER -6)
You have a small tail.


Message History

The troll claws you but does no damage. The troll claws you.
You hit the troll but do no damage.
The troll is heavily wounded.
You flicker for a moment.
The troll barely misses you. The troll closely misses you.
The troll barely misses you.
You barely miss the troll.
The troll is heavily wounded.
The troll bites you but does no damage. The troll closely misses you.
The troll claws you!
You closely miss the troll. You tail-slap the troll.
The troll is heavily wounded.
The troll closely misses you. x2; The troll claws you.
You catch the helpless troll completely off-guard!
You hit the troll. You tail-slap the troll.
The troll is heavily wounded.
The troll bites you but does no damage. The troll closely misses you.
The troll claws you.
You closely miss the troll.
The troll is heavily wounded.
The troll bites you but does no damage. The troll claws you but does no damage.
The troll barely misses you.
You barely miss the troll.
The troll is heavily wounded.
You flicker back into view.
The troll barely misses you. x2; The troll claws you but does no damage.
You hit the troll.
The troll is heavily wounded.
The troll closely misses you. The troll claws you! The troll misses you.
You slash the troll!
The troll is severely wounded.
The troll bites you! The troll closely misses you. The troll claws you.
You hit the troll but do no damage.
The troll is severely wounded.
The troll bites you!
* * * LOW HITPOINT WARNING * * *
The troll claws you.
* * * LOW HITPOINT WARNING * * *
The troll claws you!
You die...

#................. #....#.# #.#
#................. #.####.# #.##
#................##.####.####...
#....Y.........##.........#####
#............# #...###.#.#####
##..........# #.#.....#.#....
##........# #.#.###...#.###
####''########...#.#..>#.#
#..(...T@....<#.......#
###..########...##.#..#
##.......).....#.#..###
##########.##.#.#.....
#.##.#.#...## #.##.#.#...#
#.#..#.....## #.##...#.#...
#......#.####


You could see a troll.

Vanquished Creatures
  A water moccasin (D:7)
  2 orc warriors (D:6)
  A black bear (D:5)
  A sky beast (D:7)
  2 phantoms (D:6)
  A kobold brigand (D:7)
  A bullfrog (D:6)
  2 scorpions (D:4)
  A centaur zombie (D:4)
  4 hounds
  A jelly (D:5)
  Terence (D:3)
  6 iguanas
  Ijyb (D:5)
  A scorpion zombie (D:4)
  2 orc wizards (D:6)
  A howler monkey zombie (D:4)
  Robin (D:4)
  8 adders
  A white imp (D:6)
  2 adder zombies (D:4)
  3 dart slugs
  18 orcs
  14 endoplasms
  2 giant cockroaches (D:1)
  17 goblins
  8 hobgoblins
  2 quokkas (D:4)
  9 ball pythons
  3 bats
  11 kobolds
  4 rats
132 creatures vanquished.

Vanquished Creatures (others)
  An arcanist (D:6)
1 creature vanquished.

Grand Total: 133 creatures vanquished

Notes
Turn   | Place    | Note
-------+----------+-------------------------------------------
     0 | D:1      | grandjackal the Demonspawn Gladiator began the quest for
                  | the Orb.
     0 | D:1      | Reached XP level 1. HP: 16/16 MP: 1/1
   170 | D:1      | Gained mutation: Your movements are slightly less
                  | encumbered by armour. (ER -2) [demonic ancestry]
   170 | D:1      | Reached XP level 2. HP: 22/22 MP: 2/2
   694 | D:2      | Reached XP level 3. HP: 28/28 MP: 3/3
  1387 | D:2      | Reached skill level 1 in Armour
  1469 | D:2      | Reached XP level 4. HP: 34/34 MP: 4/4
  2113 | D:3      | Noticed Terence
  2133 | D:3      | Killed Terence
  2256 | D:3      | Found a hazy altar of Hepliaklqana.
  2256 | D:3      | Found a burning altar of Makhleb.
  2258 | D:3      | Found a radiant altar of Vehumet.
  2264 | D:3      | Became a worshipper of Makhleb the Destroyer
  2384 | D:4      | Found a stormy altar of Qazlal.
  2384 | D:4      | Noticed a scorpion
  2399 | D:4      | Killed a scorpion
  2400 | D:4      | Reached skill level 1 in Invocations
  2400 | D:4      | Gained mutation: Your movements are less encumbered by
                  | armour. (ER -4) [demonic ancestry]
  2400 | D:4      | Reached XP level 5. HP: 13/41 MP: 4/6
  2649 | D:4      | Reached skill level 2 in Invocations
  2694 | D:4      | Gained mutation: Your movements are significantly less
                  | encumbered by armour. (ER -6) [demonic ancestry]
  2694 | D:4      | Reached XP level 6. HP: 41/48 MP: 7/7
  2858 | D:4      | Noticed Robin
  2872 | D:4      | Killed Robin
  2884 | D:4      | Reached * piety under Makhleb
  2983 | D:4      | Identified the +0 robe of Pathos {rC+}
  3098 | D:4      | Found an opulent altar of Gozag.
  3099 | D:4      | Noticed Edmund
  3240 | D:4      | Found a hide-covered altar of Uskayaw.
  3325 | D:4      | Found a basalt altar of Yredelemnul.
  3355 | D:4      | Reached skill level 3 in Invocations
  3566 | D:5      | Entered Level 5 of the Dungeon
  3632 | D:5      | Found a staircase to the Ecumenical Temple.
  3651 | D:5      | Noticed Ijyb
  3660 | D:5      | Killed Ijyb
  3691 | D:5      | Gained mutation: You have a small tail. [demonic ancestry]
  3691 | D:5      | Reached XP level 7. HP: 54/54 MP: 9/9
  4262 | D:5      | Reached skill level 4 in Invocations
  4262 | D:5      | Reached skill level 1 in Evocations
  5153 | D:6      | Reached skill level 5 in Fighting
  5153 | D:6      | Reached skill level 5 in Long Blades
  5365 | D:6      | Reached skill level 5 in Invocations
  5365 | D:6      | Reached XP level 8. HP: 62/62 MP: 11/11
  5370 | D:6      | Reached ** piety under Makhleb
  5702 | D:6      | Found a bloodstained altar of Trog.
  5704 | D:6      | Noticed a wizard
  5708 | D:6      | Killed a wizard
  6401 | D:7      | Reached skill level 6 in Invocations
  6657 | D:7      | Noticed a troll
  6692 | D:7      | Slain by a troll

Illustrated notes

Levels and vault maps discovered:
D:1:      grunt_arrival_crossed_arrows, layout_rooms, serial_aquarium,
          aquarium_bridge_island_small [aquarium_subvault_small_open,
          aquarium_subvault_wall, aquarium_subvault_balcony,
          aquarium_subvault_window, aquarium_subvault_bridge],
          aquarium_window_fake, aquarium_window_fake, aquarium_view_2e,
          aquarium_view_2d, aquarium_balcony_5b, aquarium_pool_2,
          skrybe_limestone_x, chequers_serial_rivers_micro_a
D:2:      layout_basic
D:3:      layout_basic, gammafunk_temple_overflow_claw, minmay_misc_feat_roman,
          uniq_terence
D:4:      layout_loops_cross, mainiacjoe_overflow_boulevard,
          nicolae_uskayaw_suspiria, mainiacjoe_overflow_catwalk,
          nicolae_yredelemnul_corpse_copse, kennysheep_doodads, uniq_edmund,
          uniq_robin
D:5:      layout_layer_cave, minmay_temple_entry_glass, uniq_ijyb
D:6:      layout_basic, trog_wizard
D:7:      kennysheep_big_flooded_room, layout_basic, eino_curves_04

Skill      XL: |  1  2  3  4  5  6  7  8 |
---------------+-------------------------+-----
Throwing       | 2 |  2.1
Long Blades    | 3 4 5 |  5.7
Dodging        | 3 |  3.0
Armour         | 1 2 3 |  3.0
Fighting       | 3 4 5 |  5.8
Invocations    | 1 2 3 5 6 |  6.2
Evocations     | 2 3 |  3.6

Action                     |  1- 3 |  4- 6 |  7- 9 || total
---------------------------+-------+-------+-------++-------
  Melee: Long sword        |   122 |   220 |    98 ||   440
         Punch             |     1 |     1 |     4 ||     6
         Tailslap          |       |       |    35 ||    35
         Scimitar          |       |       |   114 ||   114
  Throw: Dart              |       |    10 |       ||    10
         Throwing net      |       |     1 |       ||     1
  Evoke: Wand              |       |     6 |     4 ||    10
    Use: Scroll            |       |     9 |     3 ||    12
         Potion            |       |     2 |     1 ||     3
   Stab: Invisible         |       |     1 |     3 ||     4
         Held in net/web   |       |     1 |       ||     1
 Armour: Leather armour    |    24 |       |       ||    24
         Scale mail        |    46 |    25 |       ||    71
         Chain mail        |       |   143 |   179 ||   322
  Dodge: Dodged            |    82 |   159 |   152 ||   393
         Repelled          |       |     2 |     1 ||     3

Table legend: (Time is in decaauts)
 A = Elapsed time spent in this place.
 B = Non-inter-level travel time spent in this place.
 C = Inter-level travel time spent in this place.
 D = Time resting spent in this place.
 E = Time spent auto-exploring this place.
 F = Levels seen in this place.
 G = Mean time per level.
                   A        B        C        D        E       F      G
               +--------+--------+--------+--------+--------+-----+--------+
         Total |   6794 |   6569 |    225 |   1012 |   4158 |   7 |  970.6 |
       Dungeon |   6794 |   6569 |    225 |   1012 |   4158 |   7 |  970.6 |
               +--------+--------+--------+--------+--------+-----+--------+

Top non-repeatable levels by time:
     D:5: 1285 daAuts
     D:6: 1224 daAuts
     D:4: 1101 daAuts
     D:2: 1030 daAuts
     D:3: 890 daAuts
     D:7: 646 daAuts
     D:1: 617 daAuts
